 Dungeon Crawl Stone Soup version 0.30-a0-726-gd89dcf765f (webtiles) character file.

Game seed: 17329869517938834177

578 Decipherer the Trooper (level 7, -2/94 HPs)
             Began as a Minotaur Berserker on Jan 29, 2023.
             Was a Believer of Trog.
             Slain by a water moccasin (7 damage)
             ... on level 5 of the Dungeon.
             The game lasted 00:01:32 (2868 turns).

Decipherer the Trooper (Minotaur Berserker)         Turns: 2868, Time: 00:01:33

Health: -2/94      AC:  3    Str: 23    XL:     7   Next: 13%
Magic:  6/6        EV: 12    Int:  4    God:    Trog [**....]
Gold:   229        SH:  0    Dex: 10    Spells: 6/6 levels left

rFire   . . .      SeeInvis .    i - +0 scythe
rCold   . . .      Faith    .    (shield currently unavailable)
rNeg    . . .      Spirit   .    b - +0 animal skin
rPois   .          Reflect  .    (helmet restricted)
rElec   .          Harm     .    q - +0 cloak
rCorr   .          Rampage  .    (no gloves)
Will    .....                    (no boots) Stlth
                                 (no amulet)
HPRegen 0.35/turn                (no ring)
MPRegen 0.10/turn                (no ring)

@: berserking, lethally poisoned (-2 -> -8), very quick
A: horns 2, retaliatory headbutt
a: Renounce Religion, Berserk, Trog's Hand


You were on level 5 of the Dungeon.
You worshipped Trog.
Trog was pleased with you.
You visited 1 branch of the dungeon, and saw 5 of its levels.

You collected 229 gold pieces.

Inventory:

Hand Weapons
 i - a +0 scythe (weapon)
Missiles
 f - 3 poisoned darts
 u - 8 boomerangs
Armour
 b - a +0 animal skin (worn)
 q - a +0 cloak (worn)
Wands
 l - a wand of polymorph (18)
 m - a wand of paralysis (12)
Scrolls
 a - 2 scrolls of amnesia {unknown}
 d - 2 scrolls of fog {unknown}
 e - 6 scrolls of identify {unknown}
 j - a scroll of enchant weapon {unknown}
 k - a scroll of butterflies {unknown}
 n - a scroll of acquirement {unknown}
 p - a scroll of enchant armour {unknown}
 t - a scroll of vulnerability {unknown}
Potions
 c - a potion of berserk rage {unknown}
 g - 2 potions of might {unknown}
 h - 2 potions of lignification {unknown}
 o - 3 potions of flight {unknown}
 s - 2 potions of curing {unknown}


   Skills:
 + Level 6.0 Fighting
 + Level 5.5(6.3) Axes
 + Level 4.6(5.9) Polearms
 + Level 3.1 Armour
 + Level 3.4 Dodging
 + Level 1.4 Stealth


You had 6 spell levels left.
You didn't know any spells.
Your spell library contained the following spells:

 Spells                   Type           Power      Damage    Failure   Level
 Apportation              Tloc           0%         N/A       50%         1
 Necrotise                Necr           0%         1d4       50%         1
 Summon Small Mammal      Summ           0%         N/A       50%         1
 Call Canine Familiar     Summ           0%         N/A       86%         3
 Portal Projectile        Hex/Tloc       0%         N/A       86%         3
 Cause Fear               Hex            0%         N/A       99%         4
 Leda's Liquefaction      Hex/Erth       0%         N/A       99%         4
 Dragon Form              Tmut           0%         N/A       100%        7
 Dragon's Call            Summ           0%         N/A       100%        9


Dungeon Overview and Level Annotations

Branches:
Dungeon (5/15)
 Temple: D:4-7

Altars:
Elyvilon

Shops:
D:3 :


Innate Abilities, Weirdness & Mutations

You have a pair of horns on your head.
You reflexively headbutt those who attack you in melee.


Message History

You are too injured to fight recklessly!
Unknown command.
There are monsters nearby!
You are too injured to fight recklessly!
Unknown command.
There are monsters nearby!
You are too injured to fight recklessly!
Unknown command.
There are monsters nearby!
You are too injured to fight recklessly!
Unknown command.
The centaur shoots an arrow.
The arrow hits you! The water moccasin misses you.
The centaur attacks as you move away!
The centaur unwields a +0 shortbow.
The centaur hits you.
* * * LOW HITPOINT WARNING * * *
The centaur kicks you.
* * * LOW HITPOINT WARNING * * *
The centaur wields a +0 shortbow.
The centaur shoots an arrow.
The arrow hits you.
* * * LOW HITPOINT WARNING * * *
A red film seems to cover your vision as you go berserk!
You feel yourself moving faster!
You feel mighty! The water moccasin bites you.
* * * LOW HITPOINT WARNING * * *
You are poisoned.
The water moccasin poisons you!
The water moccasin bites you but does no damage.
You closely miss the water moccasin.
Your headbutt misses the water moccasin.
You feel sick. The water moccasin bites you.
* * * LOW HITPOINT WARNING * * *
You barely miss the water moccasin.
* * * LOW HITPOINT WARNING * * *
You feel sick. The water moccasin closely misses you. You furiously retaliate!
You headbutt the water moccasin!! You hit the water moccasin.
The water moccasin is severely wounded.
* * * LOW HITPOINT WARNING * * *
You feel sick. The water moccasin bites you!
You die...

#.......####
#.......#
#......##
#......####
#.........#######
#......##.......#
#......##.#####..
#. ######..#.####
... ##.#...@#
....
#..###S##...#
###.###wc..#
..........##
....<.....#
.......).)...
...............
.#..#.##.#####.
...... ..


You could see a water moccasin, a centaur and a dart slug.

Vanquished Creatures
  Sigmund (D:2)
  An ogre (D:5)
  A phantom (D:5)
  A scorpion (D:4)
  A hound (D:4)
  Terence (D:2)
  An orc wizard (D:3)
  3 gnolls (D:2)
  4 adders
  An ufetubus (D:5)
  A worm (D:2)
  2 dart slugs (D:2)
  4 orcs (D:3)
  2 bats
  6 endoplasms
  4 giant cockroaches
  6 goblins
  3 hobgoblins
  A quokka (D:3)
  5 ball pythons
  A frilled lizard (D:2)
  5 kobolds
  6 rats
61 creatures vanquished.

Notes
Turn   | Place    | Note
-------+----------+-------------------------------------------
     0 | D:1      | Decipherer the Minotaur Berserker began the quest for the
                  | Orb.
     0 | D:1      | Reached XP level 1. HP: 19/19 MP: 0/0
   449 | D:1      | Reached XP level 2. HP: 24/27 MP: 1/1
   540 | D:2      | Noticed Sigmund
   549 | D:2      | Killed Sigmund
   550 | D:2      | Reached skill level 5 in Fighting
   550 | D:2      | Reached skill level 5 in Axes
   550 | D:2      | Reached XP level 3. HP: 24/36 MP: 2/2
   550 | D:2      | Reached XP level 4. HP: 28/42 MP: 3/3
   550 | D:2      | Reached XP level 5. HP: 32/48 MP: 4/4
   668 | D:2      | Found a white marble altar of Elyvilon.
   820 | D:2      | Reached skill level 1 in Polearms
  1123 | D:2      | Noticed Terence
  1129 | D:2      | Killed Terence
  1272 | D:2      | Reached XP level 6. HP: 56/56 MP: 5/5
  1674 | D:3      | Found Noklepau's Vocational Training.
  1955 | D:3      | Reached ** piety under Trog
  2165 | D:4      | Reached skill level 1 in Stealth
  2776 | D:5      | Entered Level 5 of the Dungeon
  2854 | D:5      | Reached skill level 6 in Fighting
  2854 | D:5      | Reached XP level 7. HP: 63/63 MP: 6/6
  2868 | D:5      | Slain by a water moccasin

Illustrated notes

Levels and vault maps discovered:
D:1:      matt_arrival_spirals, layout_basic
D:2:      minmay_skewed_foursquare, layout_loops_ring, basic_altar,
          uniq_terence, uniq_sigmund
D:3:      layout_basic, nicolae_shop_vocational
D:4:      layout_loops_ring
D:5:      layout_rooms, serial_shops, nicolae_shop_waterfront, uniq_edmund

Skill      XL: |  1  2  3  4  5  6 |
---------------+-------------------+-----
Axes           | 5 |  5.5
Fighting       | 5 6 |  6.0
Armour         | 3 |  3.1
Polearms       | 1 4 |  4.6
Dodging        | 3 |  3.4
Stealth        | 1 |  1.4

Action                     |  1- 3 |  4- 6 |  7- 9 || total
---------------------------+-------+-------+-------++-------
  Melee: Hand axe          |    32 |       |       ||    32
         Headbutt          |     6 |    10 |       ||    16
         Halberd           |       |   116 |     6 ||   122
 Invoke: Berserk           |     2 |     1 |     1 ||     4
   Stab: Distracted        |       |     1 |       ||     1
         Sleeping          |       |     2 |       ||     2
 Armour: Animal skin       |     2 |    11 |     3 ||    16
  Dodge: Dodged            |    14 |    77 |     6 ||    97

Table legend: (Time is in decaauts)
 A = Elapsed time spent in this place.
 B = Non-inter-level travel time spent in this place.
 C = Inter-level travel time spent in this place.
 D = Time resting spent in this place.
 E = Time spent auto-exploring this place.
 F = Levels seen in this place.
 G = Mean time per level.
                   A        B        C        D        E       F      G
               +--------+--------+--------+--------+--------+-----+--------+
         Total |   2936 |   2866 |     70 |      0 |   2476 |   5 |  587.2 |
       Dungeon |   2936 |   2866 |     70 |      0 |   2476 |   5 |  587.2 |
               +--------+--------+--------+--------+--------+-----+--------+

Top non-repeatable levels by time:
     D:2: 1067 daAuts
     D:4: 640 daAuts
     D:3: 580 daAuts
     D:1: 554 daAuts
     D:5: 93 daAuts
